[Event "Titled Tuesday Blitz January 10 Late 2023"]
[White "Karas, Marek"]
[Black "Lopez Perdomo, Juan David"]
[WhiteFideId "14928558"]
[BlackFideId "4405137"]
[WhiteElo "2227"]
[BlackElo "2029"]
[Result "0-1"]
[Round "01"]
[TimeControl "180+2"]
[Date "2023.01.10"]
[WhiteClock "0:02:02"]
[BlackClock "0:01:02"]

1. h4 e6 2. d4 d5 3. Bg5 Nf6 4. Nf3 Be7 5. e3 h6 6. Bf4 c5 7. c3 O-O 8. Ne5 Nc6 9. Nd2 Nd7 10. Nxd7 Bxd7 11. Bd3 cxd4 12. exd4 Qb6 13. Rb1 Nxd4 14. Be3 e5 15. cxd4 exd4 16. Bf4 Bd6 17. Qf3 Rfe8+ 18. Kf1 Bxf4 19. Qxf4 Bb5 20. Qf3 Re3 21. fxe3 Bxd3+ 22. Kf2 Bxb1 23. Rxb1 dxe3+ 24. Qxe3 d4 25. Qd3 Re8 26. Nf3 Re3 27. Qxd4 Rxf3+ 28. gxf3 Qxd4+ 29. Kg3 Qd2 30. a4 Qc2 31. Re1 Qxa4 32. Re8+ Qxe8 0-1


[Site "https://www.chess.com"]

[Event "Titled Tuesday Blitz January 10 Late 2023"]
[White "Michalski, Olaf"]
[Black "Denishev, Marat"]
[WhiteFideId "1106740"]
[BlackFideId "24131563"]
[WhiteElo "2273"]
[BlackElo "2255"]
[Result "0-1"]
[Round "01"]
[TimeControl "180+2"]
[Date "2023.01.10"]
[WhiteClock "0:00:05"]
[BlackClock "0:01:11"]

1. d4 d5 2. c4 e6 3. Nc3 Nf6 4. Bg5 Be7 5. e3 O-O 6. Rc1 Nbd7 7. Nf3 c6 8. Bd3 b6 9. O-O Bb7 10. cxd5 cxd5 11. Qe2 h6 12. Bf4 Nh5 13. Be5 Nxe5 14. dxe5 g6 15. Nd4 Ng7 16. Ncb5 a6 17. Nc7 Ra7 18. Nxa6 Bxa6 19. Bxa6 Qa8 20. Bd3 Rxa2 21. Rc2 Bc5 22. b4 Rxc2 23. Nxc2 Be7 24. Ra1 Qb7 25. Ba6 Qc7 26. g4 Qxe5 27. Nd4 Bxb4 28. Rb1 Bc5 0-1


[Site "https://www.chess.com"]

[Event "Titled Tuesday Blitz January 10 Late 2023"]
[White "Manukyan, Sargis A."]
[Black "Tsukerman, Julia"]
[WhiteFideId "13303970"]
[BlackFideId "2621649"]
[WhiteElo "2158"]
[BlackElo "1741"]
[Result "1-0"]
[Round "01"]
[TimeControl "180+2"]
[Date "2023.01.10"]
[WhiteClock "0:00:27"]
[BlackClock "0:00:02"]

1. d4 d5 2. c4 e6 3. Nc3 Nf6 4. Nf3 Be7 5. Bg5 Nbd7 6. e3 O-O 7. cxd5 exd5 8. Bd3 c6 9. O-O Re8 10. Qc2 Nf8 11. Bxf6 Bxf6 12. b4 a6 13. a4 Bg4 14. Nd2 b5 15. axb5 axb5 16. Ne2 Qd6 17. Qc3 Be7 18. Qc5 Qxc5 19. dxc5 Bf6 20. Nd4 Bxd4 21. exd4 Nd7 22. f3 Be6 23. Kf2 h6 24. Rfe1 Nf6 25. Nb3 Kf8 26. Na5 Bd7 27. h3 Nh5 28. Rxe8+ Bxe8 29. Re1 Nf4 30. Bf1 Bd7 31. g3 Ne6 32. Ke3 Re8 33. Kd3 Ng5 34. Rxe8+ Kxe8 35. Ke3 Ne6 36. h4 Ke7 37. Bd3 Nc7 38. Kd2 Ne6 39. Kc3 g6 40. Nb7 Nd8 41. Na5 Ne6 42. Nb3 Ng7 43. Nc1 Nf5 44. Bxf5 Bxf5 45. Nb3 Bd7 46. Kd3 Ke6 47. Ke3 f5 48. Kf4 Kf6 49. Ke3 g5 50. hxg5+ hxg5 51. f4 1-0


[Site "https://www.chess.com"]

[Event "Titled Tuesday Blitz January 10 Late 2023"]
[White "Kho, Darrell"]
[Black "Mendez Fortes, Eduardo Jesus"]
[WhiteFideId "1019317"]
[BlackFideId "3502376"]
[WhiteElo "2075"]
[BlackElo "2250"]
[Result "0-1"]
[Round "01"]
[TimeControl "180+2"]
[Date "2023.01.10"]
[WhiteClock "0:00:29"]
[BlackClock "0:02:10"]

1. e4 e5 2. Nf3 Nc6 3. Nc3 Nf6 4. d4 exd4 5. Nxd4 Bb4 6. Nxc6 bxc6 7. Bd3 d5 8. exd5 cxd5 9. O-O O-O 10. h3 c6 11. Qf3 h6 12. Bf4 Bd6 13. Na4 Rb8 14. b3 Qc7 15. Bxd6 Qxd6 16. Qg3 Qxg3 17. fxg3 Be6 18. Nc5 Nd7 19. Nxe6 fxe6 20. c4 e5 21. Bf5 Nf6 22. Rae1 Rfe8 23. Bg6 Re7 24. cxd5 cxd5 25. Rc1 Rd8 26. Rc6 e4 27. Kf2 d4 28. Ke2 d3+ 29. Kd2 e3+ 30. Ke1 e2 0-1


[Site "https://www.chess.com"]

[Event "Titled Tuesday Blitz January 10 Late 2023"]
[White "Fisher_TheGalactic"]
[Black "Thomas, Anysia"]
[BlackFideId "670472"]
[WhiteElo "2556"]
[BlackElo "2147"]
[Result "1-0"]
[Round "01"]
[TimeControl "180+2"]
[Date "2023.01.10"]
[WhiteClock "0:02:47"]
[BlackClock "0:02:02"]

1. Nf3 g6 2. g3 Bg7 3. Bg2 c5 4. O-O Nc6 5. e4 d6 6. c3 h5 7. d4 cxd4 8. cxd4 Nf6 9. Nc3 O-O 10. h3 Bd7 11. Be3 Qc8 12. Kh2 e6 13. Qd2 d5 14. e5 Ne4 15. Nxe4 dxe4 16. Ng5 Qe8 17. Nxe4 Qe7 18. a3 Rad8 19. Bg5 Qe8 20. Nd6 1-0


[Site "https://www.chess.com"]

[Event "Titled Tuesday Blitz January 10 Late 2023"]
[White "Harish, Neeraj"]
[Black "Altman, Joshua"]
[WhiteFideId "30958130"]
[BlackFideId "426210"]
[WhiteElo "2232"]
[BlackElo "2120"]
[Result "1/2-1/2"]
[Round "01"]
[TimeControl "180+2"]
[Date "2023.01.10"]
[WhiteClock "0:00:14"]
[BlackClock "0:00:21"]

1. e4 e6 2. d4 d5 3. e5 c5 4. c3 Nc6 5. Nf3 Qb6 6. Bd3 cxd4 7. O-O Bd7 8. Re1 Nge7 9. Nbd2 Ng6 10. h4 dxc3 11. bxc3 Bc5 12. Rb1 Qc7 13. Nb3 Be7 14. Qe2 Nxh4 15. Nxh4 Bxh4 16. Nc5 Nxe5 17. Qxe5 Qxc5 18. Be3 Qe7 19. Rxb7 O-O 20. Bb5 Rad8 21. Bxa7 Bf6 22. Qe3 Qd6 23. Bc5 Qe5 24. Qxe5 Bxe5 25. Rxd7 Rxd7 26. Bxd7 Rd8 27. Rxe5 Rxd7 28. Re1 h6 29. Bb4 Rc7 30. a4 Ra7 31. a5 f6 32. Ra1 Kf7 33. a6 e5 34. Bc5 Ra8 35. a7 Ke6 36. Rb1 d4 37. cxd4 exd4 38. Bxd4 Kd5 39. Be3 Ke4 40. Rb8 Rxa7 41. Bxa7 f5 42. Rh8 Kf4 43. Rg8 g5 44. Be3+ Kg4 45. Rg6 h5 46. Rxg5+ Kh4 47. Rxf5 Kg4 48. Rg5+ Kh4 49. Rg6 1/2-1/2


[Site "https://www.chess.com"]

[Event "Titled Tuesday Blitz January 10 Late 2023"]
[White "Winkels, Marcel"]
[Black "Richter, Paul"]
[WhiteFideId "1003887"]
[BlackFideId "2046350"]
[WhiteElo "1960"]
[BlackElo "2171"]
[Result "0-1"]
[Round "01"]
[TimeControl "180+2"]
[Date "2023.01.10"]
[WhiteClock "0:00:05"]
[BlackClock "0:01:06"]

1. c4 Nf6 2. Nc3 d6 3. g3 g6 4. Bg2 Bg7 5. Nf3 e5 6. d3 O-O 7. Bg5 h6 8. Bxf6 Bxf6 9. Nd5 Bg7 10. Rb1 a5 11. O-O Nc6 12. a3 Nd4 13. e3 Nxf3+ 14. Bxf3 c6 15. Nc3 f5 16. Bg2 f4 17. exf4 exf4 18. Re1 fxg3 19. hxg3 Bd4 20. Re2 Bg4 21. Ne4 Bxe2 22. Qxe2 d5 23. cxd5 cxd5 24. Nc3 Bxf2+ 25. Kh2 Qg5 26. Bxd5+ Kh8 27. Ne4 Bxg3+ 28. Nxg3 Qxd5 29. Re1 Qd6 30. Qe3 Qf4 31. Qe7 Qf2+ 32. Kh3 Rad8 0-1


[Site "https://www.chess.com"]

[Event "Titled Tuesday Blitz January 10 Late 2023"]
[White "Perrine, Dalton"]
[Black "Aung Thant Zin"]
[WhiteFideId "2048434"]
[BlackFideId "13000063"]
[WhiteElo "2228"]
[BlackElo "2268"]
[Result "1-0"]
[Round "01"]
[TimeControl "180+2"]
[Date "2023.01.10"]
[WhiteClock "0:00:13"]
[BlackClock "0:00:14"]

1. Nf3 d5 2. g3 Nf6 3. Bg2 e6 4. O-O Be7 5. d3 O-O 6. Nbd2 c5 7. e4 Nc6 8. Re1 b6 9. e5 Nd7 10. Nf1 Bb7 11. h4 Re8 12. h5 h6 13. N1h2 Bf8 14. Ng4 f5 15. exf6 Nxf6 16. Nfe5 Nxg4 17. Qxg4 Nxe5 18. Rxe5 Qf6 19. Re2 Rad8 20. Bf4 Bd6 21. Bxd6 Rxd6 22. c3 e5 23. Qa4 Re7 24. Qxa7 Rf7 25. Rae1 Kh7 26. Qa4 Re6 27. Qc2 1-0


[Site "https://www.chess.com"]

[Event "Titled Tuesday Blitz January 10 Late 2023"]
[White "Mitrovic, Darko R"]
[Black "Przybylski, Wojciech"]
[WhiteFideId "927023"]
[BlackFideId "1117599"]
[WhiteElo "2220"]
[BlackElo "2321"]
[Result "0-1"]
[Round "01"]
[TimeControl "180+2"]
[Date "2023.01.10"]
[WhiteClock "0:00:07"]
[BlackClock "0:00:18"]

1. d4 Nf6 2. Nf3 d5 3. g3 Bf5 4. Bg2 e6 5. O-O c5 6. c4 Nc6 7. cxd5 exd5 8. Nc3 h6 9. Bf4 c4 10. Ne5 Be7 11. Nxc6 bxc6 12. b3 cxb3 13. axb3 O-O 14. Na4 Nd7 15. Qc1 Rc8 16. Qc3 Re8 17. Bd2 Bf6 18. e3 Be4 19. Nc5 Bxg2 20. Kxg2 Nxc5 21. Qxc5 Qb6 22. b4 Be7 23. Qxb6 axb6 24. Ra6 Rb8 25. Rfa1 Rec8 26. h4 h5 27. Kf3 Kf8 28. Ra7 Bd6 29. Rd7 Rd8 30. Raa7 Rxd7 31. Rxd7 Rc8 32. b5 Be7 33. bxc6 Rxc6 34. Rxd5 g6 35. Rb5 Ke8 36. Bb4 Bd8 37. d5 Rc4 38. Ke2 Rc2+ 39. Kf3 Kd7 40. e4 Rb2 41. Ke3 Be7 0-1


[Site "https://www.chess.com"]

[Event "Titled Tuesday Blitz January 10 Late 2023"]
[White "Martinez, Marcel"]
[Black "ritanovikova"]
[WhiteFideId "2016249"]
[WhiteElo "2402"]
[BlackElo "2115"]
[Result "1-0"]
[Round "01"]
[TimeControl "180+2"]
[Date "2023.01.10"]
[WhiteClock "0:00:48"]
[BlackClock "0:00:23"]

1. e4 d5 2. exd5 Qxd5 3. Nc3 Qd6 4. g3 Nf6 5. Bg2 a6 6. Nge2 Nc6 7. O-O e5 8. d3 Bg4 9. h3 Bh5 10. g4 Bg6 11. f4 Qc5+ 12. Kh1 exf4 13. Bxf4 O-O-O 14. a3 Bd6 15. b4 Qa7 16. b5 Ne7 17. bxa6 Qxa6 18. Rb1 Nc6 19. Bxd6 Rxd6 20. Rf4 Qxa3 21. Nb5 Qc5 22. Rc4 Qf2 23. Nxd6+ cxd6 24. Qf1 Qxf1+ 25. Rxf1 d5 26. Rc5 h6 27. Nf4 h5 28. g5 Nd7 29. Rxd5 Nb6 30. Rb5 Kc7 31. Rfb1 Nd7 32. Rxb7+ Kd6 33. d4 Rb8 34. Bxc6 Rxb7 35. Bxb7 Bxc2 36. Re1 1-0


[Site "https://www.chess.com"]

[Event "Titled Tuesday Blitz January 10 Late 2023"]
[White "Wanger, Tamas"]
[Black "Fiorito, Francisco"]
[WhiteFideId "740454"]
[BlackFideId "180165"]
[WhiteElo "1951"]
[BlackElo "2305"]
[Result "1-0"]
[Round "01"]
[TimeControl "180+2"]
[Date "2023.01.10"]
[WhiteClock "0:00:16"]
[BlackClock "0:00:41"]

1. Nf3 Nf6 2. b3 g6 3. Bb2 Bg7 4. e3 O-O 5. c4 c5 6. Be2 d5 7. cxd5 Qxd5 8. O-O Nc6 9. Nc3 Qd7 10. Rc1 b6 11. Qc2 Bb7 12. Rfd1 e5 13. d3 Rfe8 14. Ne4 Nd5 15. a3 f5 16. Nc3 Rad8 17. Nxd5 Qxd5 18. d4 Kh8 19. dxe5 Qe4 20. Qxe4 fxe4 21. Ng5 Kg8 22. Bc4+ Kf8 23. Ne6+ Rxe6 24. Bxe6 Ke7 25. Bd5 Rf8 26. Bxe4 Na5 27. Bxb7 Nxb7 28. b4 Ke6 29. f4 g5 30. g3 h5 31. bxc5 Nxc5 32. Rd6+ Kf5 33. Bd4 Ne4 34. Rd7 Bh8 35. Rcc7 Kg4 36. Kg2 Re8 37. Rf7 h4 38. h3+ Kh5 39. g4+ Kh6 40. Rh7+ Kg6 41. f5# 1-0


[Site "https://www.chess.com"]

[Event "Titled Tuesday Blitz January 10 Late 2023"]
[White "Petukhov, Dmitry"]
[Black "Souza, Gustavo Horokoski De"]
[WhiteFideId "4142748"]
[BlackFideId "2146584"]
[WhiteElo "2350"]
[BlackElo "1943"]
[Result "1-0"]
[Round "01"]
[TimeControl "180+2"]
[Date "2023.01.10"]
[WhiteClock "0:00:22"]
[BlackClock "0:00:06"]

1. e4 e6 2. d4 d5 3. e5 c5 4. c3 Nc6 5. Nf3 Nge7 6. a3 c4 7. g3 Qb6 8. Nbd2 Bd7 9. Bh3 Na5 10. O-O Nb3 11. Nxb3 Ba4 12. Qe2 Bxb3 13. Be3 Nc6 14. Bg2 Be7 15. h3 O-O-O 16. Nh2 h5 17. f4 Rdg8 18. f5 Qd8 19. fxe6 fxe6 20. Rf7 Qe8 21. Raf1 Nd8 22. R7f2 g5 23. g4 h4 24. Nf3 Qg6 25. Qd2 Rh7 26. Ne1 Rf7 27. Rxf7 Nxf7 28. Qf2 Nd8 29. Qd2 Nf7 30. Rf2 Rg7 31. Qc1 Kd7 32. Nf3 Rg8 33. Nd2 Bc2 34. Nxc4 Bd3 35. Nd2 Rf8 36. c4 Rc8 37. c5 b6 38. b4 a5 39. Qd1 axb4 40. Qa4+ b5 41. Qa6 bxa3 42. Qxa3 Nd8 43. Nb3 Nc6 44. Qa6 Rc7 45. Na5 b4 46. Qb6 Bd8 47. Nxc6 Rxc6 48. Qxb4 Be4 49. Bf1 Bd3 50. Qb7+ Rc7 51. c6+ Ke8 52. Qb4 Be7 53. Qb8+ Bd8 54. Rf8+ Ke7 55. Qxd8# 1-0


[Site "https://www.chess.com"]

[Event "Titled Tuesday Blitz January 10 Late 2023"]
[White "Marcolino, Daniel Mattos"]
[Black "Yurovskykh, Oleksandr"]
[WhiteFideId "2106841"]
[BlackFideId "14134020"]
[WhiteElo "2006"]
[BlackElo "2328"]
[Result "0-1"]
[Round "01"]
[TimeControl "180+2"]
[Date "2023.01.10"]
[WhiteClock "0:00:16"]
[BlackClock "0:01:21"]

1. d4 d5 2. Nf3 Nf6 3. g3 Bf5 4. Bg2 e6 5. c4 c6 6. Nc3 Nbd7 7. Qb3 Qb6 8. c5 Qxb3 9. axb3 a6 10. b4 Rc8 11. h3 h6 12. g4 Bh7 13. Bf4 Be7 14. O-O O-O 15. Nd2 Rfe8 16. Nb3 Bd8 17. Na5 Bxa5 18. bxa5 e5 19. dxe5 Nxe5 20. b4 Nc4 21. Rad1 Ne4 22. Nxe4 Bxe4 23. e3 Bxg2 24. Kxg2 Re6 25. Rd4 Rce8 26. Rfd1 Re4 27. Kf3 f6 28. h4 Kf7 29. h5 Na3 30. R1d3 Nc2 0-1


[Site "https://www.chess.com"]

[Event "Titled Tuesday Blitz January 10 Late 2023"]
[White "Gurevich, Dmitry"]
[Black "Almedina Ortiz, Edgardo J."]
[WhiteFideId "2000407"]
[BlackFideId "3100197"]
[WhiteElo "2393"]
[BlackElo "2156"]
[Result "1-0"]
[Round "01"]
[TimeControl "180+2"]
[Date "2023.01.10"]
[WhiteClock "0:00:37"]
[BlackClock "0:00:10"]

1. d4 Nf6 2. c4 e6 3. Nc3 Bb4 4. a3 Bxc3+ 5. bxc3 b6 6. e3 Nc6 7. Bd3 Ba6 8. f3 Na5 9. Qe2 c5 10. Rb1 Rc8 11. d5 O-O 12. Nh3 Ne8 13. e4 Qh4+ 14. Nf2 Nd6 15. g3 Qh5 16. Bf4 Ndxc4 17. g4 Qh4 18. Bg3 Qe7 19. d6 Qd8 20. e5 f6 21. Qe4 f5 22. gxf5 exf5 23. Qd5+ Kh8 24. Bf4 Bb7 25. Bxc4 Bxd5 26. Bxd5 Qh4 27. Bg3 Qa4 28. f4 Qxa3 29. O-O Qxc3 30. Rfc1 Qe3 31. Re1 Qd4 32. Rbd1 Qa4 33. e6 dxe6 34. Bxe6 Rcd8 35. d7 Qc6 36. Bh4 Nb7 37. Bd5 Qxd7 38. Bxb7 Qxb7 39. Bxd8 h6 40. Re7 Qc7 41. Bxc7 1-0


[Site "https://www.chess.com"]

[Event "Titled Tuesday Blitz January 10 Late 2023"]
[White "Marin Masis, Jose Esteban"]
[Black "Rodriguez Fontecha, Marcos"]
[WhiteFideId "6508146"]
[BlackFideId "2256576"]
[WhiteElo "1938"]
[BlackElo "2309"]
[Result "1-0"]
[Round "01"]
[TimeControl "180+2"]
[Date "2023.01.10"]
[WhiteClock "0:00:24"]
[BlackClock "0:00:03"]

1. e4 e6 2. e5 c5 3. Nf3 Nc6 4. Nc3 d5 5. exd6 Bxd6 6. Bb5 Ne7 7. O-O O-O 8. d3 e5 9. Ne4 a6 10. Ba4 b5 11. Bb3 Bb7 12. Be3 Nd4 13. Nxd6 Qxd6 14. Nxd4 cxd4 15. Bd2 Qg6 16. f3 Nf5 17. Qe2 Rfe8 18. Qf2 h5 19. a4 h4 20. axb5 axb5 21. Rxa8 Rxa8 22. Re1 Re8 23. Re2 h3 24. g4 Nh6 25. Kf1 Qc6 26. Qg3 Qxf3+ 27. Qxf3 Bxf3 28. Rf2 Bxg4 29. Bxh6 Re7 30. Bg5 Ra7 31. Rd2 Kf8 32. Kf2 f6 33. Bh4 f5 34. c3 dxc3 35. bxc3 Ra1 36. d4 e4 37. Ke3 Rf1 38. d5 Rf3+ 39. Kd4 e3 40. Rd3 g5 41. Bxg5 e2 42. Bh6+ Ke8 43. Bd2 1-0


[Site "https://www.chess.com"]

[Event "Titled Tuesday Blitz January 10 Late 2023"]
[White "Yang, Kevin"]
[Black "Savic, Miroslav"]
[WhiteFideId "30908485"]
[BlackFideId "14508494"]
[WhiteElo "2096"]
[BlackElo "2167"]
[Result "1-0"]
[Round "01"]
[TimeControl "180+2"]
[Date "2023.01.10"]
[WhiteClock "0:00:10"]
[BlackClock "0:00:09"]

1. d4 Nf6 2. Nc3 e6 3. a3 c5 4. Nf3 cxd4 5. Nxd4 a6 6. e4 Nc6 7. Nb3 d5 8. Bg5 d4 9. Ne2 e5 10. Ng3 Be7 11. Be2 h6 12. Bd2 Be6 13. O-O Bxb3 14. cxb3 d3 15. Bg4 Nd4 16. Bc3 Nxg4 17. Qxg4 Bf6 18. Rad1 Nxb3 19. Nh5 Qd7 20. Nxg7+ Bxg7 21. Qxg7 O-O-O 22. Qxe5 Rhe8 23. Qf4 Qe6 24. Bf6 Rd7 25. Rc1+ Nxc1 26. Rxc1+ Qc6 27. Rxc6+ bxc6 28. Bc3 d2 29. Bxd2 Red8 30. Be1 Rd1 31. Kf1 Rb1 32. Qf6 Rdd1 33. Qxc6+ Kd8 34. Qb6+ Ke8 35. Qb4 Kd7 36. Ke2 Rd6 37. Bc3 Re6 38. Qb7+ Ke8 39. f4 Rg1 40. f5 Rxg2+ 41. Kf3 Rgg6 42. fxg6 fxg6 43. Qc8+ Ke7 44. Bb4+ Kf6 45. Qf8+ Kg5 46. Qf4+ Kh5 47. Qg4# 1-0


[Site "https://www.chess.com"]

[Event "Titled Tuesday Blitz January 10 Late 2023"]
[White "Dias, Joao Batista"]
[Black "ArchibaldCerveza29"]
[WhiteFideId "2108240"]
[WhiteElo "1796"]
[BlackElo "2536"]
[Result "0-1"]
[Round "01"]
[TimeControl "180+2"]
[Date "2023.01.10"]
[WhiteClock "0:00:47"]
[BlackClock "0:00:26"]

1. e4 e5 2. Nf3 Nc6 3. d4 exd4 4. Nxd4 Bc5 5. Nb3 Bb6 6. Nc3 Nf6 7. Bd3 O-O 8. h3 a5 9. Bg5 a4 10. Nd2 h6 11. Bh4 Re8 12. a3 Bd4 13. Rb1 Bxc3 14. bxc3 d5 15. Qf3 g5 16. Bg3 dxe4 17. Nxe4 Nxe4 18. Bxe4 Qd5 19. O-O Qxe4 20. Qh5 Qg6 21. Qf3 Qf5 22. Qh5 Qg6 23. Qf3 Ra5 24. Bxc7 Rf5 25. Qd3 Be6 26. Rxb7 Rc5 27. Qxg6+ fxg6 28. Re1 Rxc3 29. Bg3 Bf7 30. Rc1 Nd4 31. Kf1 Bc4+ 32. Kg1 Ne2+ 33. Kh2 Nxc1 0-1


[Site "https://www.chess.com"]

[Event "Titled Tuesday Blitz January 10 Late 2023"]
[White "Rangel, Daniel"]
[Black "Kalaiyalahan, Akshaya"]
[WhiteFideId "2124475"]
[BlackFideId "422894"]
[WhiteElo "2207"]
[BlackElo "2155"]
[Result "1-0"]
[Round "01"]
[TimeControl "180+2"]
[Date "2023.01.10"]
[WhiteClock "0:00:02"]
[BlackClock "0:00:03"]

1. c4 Nf6 2. g3 c6 3. Bg2 d5 4. Nf3 e6 5. b3 Be7 6. O-O O-O 7. Bb2 Nbd7 8. d3 b6 9. Nbd2 Bb7 10. e4 Nc5 11. e5 Ne8 12. d4 Nd3 13. Bc3 dxc4 14. bxc4 c5 15. Qc2 cxd4 16. Qxd3 dxc3 17. Qxc3 Nc7 18. Rad1 Qc8 19. h4 Na6 20. Qc2 Nc5 21. Rfe1 Rd8 22. Nf1 Qc7 23. Ne3 h6 24. Ng4 Bc6 25. Nd4 Ba4 26. Qe2 Bxd1 27. Rxd1 Rac8 28. Nc6 Rxd1+ 29. Qxd1 Bf8 30. h5 Qd7 31. Qf3 a5 32. Ne3 Qd2 33. a3 Qc1+ 34. Kh2 Qxa3 35. Nd4 a4 36. Nb5 Qb3 37. Qf4 a3 38. Nd6 Rc7 39. Ng4 Nd3 40. Qe4 Nc5 41. Qf4 a2 42. Ne8 a1=Q 43. Ngf6+ Kh8 44. Nxc7 Qbb1 45. Nce8 Qf5 46. Qd2 Qxh5+ 47. Nxh5 1-0


[Site "https://www.chess.com"]

[Event "Titled Tuesday Blitz January 10 Late 2023"]
[White "MunichMouse"]
[Black "Krishnan, Varun"]
[BlackFideId "5054508"]
[WhiteElo "1993"]
[BlackElo "2341"]
[Result "0-1"]
[Round "01"]
[TimeControl "180+2"]
[Date "2023.01.10"]
[WhiteClock "0:00:07"]
[BlackClock "0:00:31"]

1. d4 Nf6 2. c4 e6 3. Nf3 b6 4. g3 Bb7 5. Bg2 Bb4+ 6. Bd2 a5 7. O-O O-O 8. a3 Be7 9. Nc3 d5 10. Ne5 Nbd7 11. Bf4 Ne4 12. cxd5 exd5 13. Nxd7 Nxc3 14. bxc3 Qxd7 15. c4 Bc6 16. cxd5 Bxd5 17. e4 Bb7 18. a4 Ba6 19. Re1 Bb4 20. Re3 c5 21. e5 cxd4 22. Bxa8 Rxa8 23. Rc1 Rd8 24. e6 fxe6 25. Rc7 Qd5 26. Qg4 Bf8 27. Be5 Rd7 28. Rxd7 Qxd7 29. Qxd4 Qc6 30. Qe4 Qd7 31. Rc3 Qd1+ 32. Kg2 Bf1+ 0-1


[Site "https://www.chess.com"]

[Event "Titled Tuesday Blitz January 10 Late 2023"]
[White "Tokhirjonova, Gulrukhbegim"]
[Black "Curtis, John"]
[WhiteFideId "14203626"]
[BlackFideId "3200256"]
[WhiteElo "2340"]
[BlackElo "2292"]
[Result "1-0"]
[Round "01"]
[TimeControl "180+2"]
[Date "2023.01.10"]
[WhiteClock "0:02:44"]
[BlackClock "0:02:32"]

1. e4 e6 2. d4 d5 3. e5 c5 4. c3 Bd7 5. Nf3 Qb6 6. Be2 Bb5 7. O-O Bxe2 8. Qxe2 cxd4 9. Nxd4 Ne7 10. Be3 Nec6 11. Nxe6 Qa5 12. b4 Nxb4 13. cxb4 Bxb4 14. Nxg7+ 1-0


[Site "https://www.chess.com"]

[Event "Titled Tuesday Blitz January 10 Late 2023"]
[White "Rodrigues, Leonardo De Miranda"]
[Black "TheKnightOfBosnia"]
[WhiteFideId "2108658"]
[WhiteElo "2112"]
[BlackElo "2537"]
[Result "0-1"]
[Round "01"]
[TimeControl "180+2"]
[Date "2023.01.10"]
[WhiteClock "0:00:06"]
[BlackClock "0:00:27"]

1. e4 e5 2. Nc3 Nf6 3. Nf3 Nc6 4. Bb5 Bb4 5. O-O d6 6. d3 Bxc3 7. bxc3 O-O 8. Bg5 Bd7 9. Re1 Ne7 10. Bxd7 Nxd7 11. Rb1 Rb8 12. d4 f6 13. Be3 a5 14. dxe5 Nxe5 15. Nxe5 fxe5 16. Ba7 Ra8 17. Rxb7 Qc8 18. Qb1 Nc6 19. Qb3+ Kh8 20. Be3 Nb4 21. Rb5 Qa6 22. a4 Nc6 23. h3 Na7 24. Rb7 Rfc8 25. Rb1 Nc6 26. Qf7 Rab8 27. Rxb8 Nxb8 28. Bh6 gxh6 29. Qf6+ Kg8 30. Qe6+ Kf8 31. c4 Nc6 32. Qxh6+ Ke8 33. Qh5+ Kd8 34. Rb3 Qxc4 35. Qg5+ Ne7 36. Rf3 Kd7 37. Qg4+ Qe6 38. Qh4 Rb8 39. Rf6 Rb1+ 40. Kh2 Qc4 41. Qg4+ Kc6 42. Rh6 Qf7 0-1


[Site "https://www.chess.com"]

[Event "Titled Tuesday Blitz January 10 Late 2023"]
[White "Berezin, Viktor"]
[Black "Lutz, Igor Oscar"]
[WhiteFideId "14107872"]
[BlackFideId "2110806"]
[WhiteElo "2307"]
[BlackElo "1969"]
[Result "1-0"]
[Round "01"]
[TimeControl "180+2"]
[Date "2023.01.10"]
[WhiteClock "0:00:33"]
[BlackClock "0:00:05"]

1. d4 Nf6 2. Nf3 e6 3. c4 d5 4. g3 dxc4 5. Bg2 c5 6. O-O Nc6 7. e3 cxd4 8. exd4 Be7 9. Qa4 O-O 10. Qxc4 Bd7 11. Nc3 Rc8 12. Rd1 Ne5 13. Qe2 Nxf3+ 14. Bxf3 Bc6 15. Bf4 Nd5 16. Bd2 Nxc3 17. Bxc3 Bxf3 18. Qxf3 Qd5 19. Qxd5 exd5 20. Re1 Bf6 21. Re2 Rfe8 22. Rae1 Rxe2 23. Rxe2 g6 24. Kg2 Rc7 25. Re8+ Kg7 26. Kf3 h5 27. h4 Re7 28. Ra8 a6 29. Rc8 g5 30. hxg5 Bxg5 31. Rc5 Rd7 32. a4 Be7 33. Rc8 Kg6 34. b4 h4 35. b5 axb5 36. axb5 hxg3 37. fxg3 Kf5 38. g4+ Kg5 39. Bd2+ Kf6 40. Bf4 Bd6 41. Be3 Rc7 42. Rd8 Be7 43. Rxd5 Rc3 44. Ke4 Kg6 45. Rd7 Bf6 46. Rxb7 Rb3 47. Rb6 Kg7 48. g5 Bd8 49. Rb7 Rb4 50. Bf4 Rb3 51. Kf5 Rb1 52. Be5+ Kf8 53. Bd6+ Ke8 54. Bf4 Rf1 55. Ke4 Re1+ 56. Kd5 Rf1 57. Bd2 Rf5+ 58. Ke4 Rf1 59. Rb8 Rd1 60. Ba5 1-0


[Site "https://www.chess.com"]

[Event "Titled Tuesday Blitz January 10 Late 2023"]
[White "Shapiro, Bryan"]
[Black "Aguilar, Juan"]
[WhiteFideId "2087740"]
[BlackFideId "3800091"]
[WhiteElo "1972"]
[BlackElo "2254"]
[Result "0-1"]
[Round "01"]
[TimeControl "180+2"]
[Date "2023.01.10"]
[WhiteClock "0:00:06"]
[BlackClock "0:00:18"]

1. d4 g6 2. c4 Bg7 3. e4 Nc6 4. Be3 e5 5. Nf3 d6 6. d5 Nce7 7. h3 Nf6 8. Nc3 O-O 9. Be2 Nh5 10. Nd2 Nf4 11. O-O f5 12. Bf3 a5 13. a3 Bd7 14. b4 fxe4 15. Ndxe4 Nf5 16. Bd2 h5 17. c5 Nd4 18. Kh2 Nxh3 19. cxd6 Nxf3+ 20. gxf3 Qh4 21. Kg2 Nf4+ 22. Bxf4 Qh3+ 23. Kg1 Rxf4 24. Ng3 h4 25. Nge4 Rxf3 26. Ng5 Qg4+ 27. Kh2 Qf4+ 28. Kh1 Rxc3 29. Rg1 Bf5 30. f3 cxd6 31. Ra2 Rac8 32. Qe2 Rc2 33. Rxc2 Rxc2 34. Nh3 Rxe2 35. Nxf4 exf4 36. bxa5 h3 37. Rc1 Bd4 38. Rc4 Rd2 39. a6 bxa6 40. Rc6 Bf2 41. Kh2 Bg3+ 42. Kh1 Rd1# 0-1


[Site "https://www.chess.com"]

[Event "Titled Tuesday Blitz January 10 Late 2023"]
[White "Oliveira, Tiago Batista"]
[Black "Hnydiuk, Aleksander"]
[WhiteFideId "2108291"]
[BlackFideId "1109057"]
[WhiteElo "1991"]
[BlackElo "2363"]
[Result "0-1"]
[Round "01"]
[TimeControl "180+2"]
[Date "2023.01.10"]
[WhiteClock "0:00:05"]
[BlackClock "0:00:32"]

1. d4 Nf6 2. c4 e6 3. Nf3 Bb4+ 4. Bd2 c5 5. g3 Qb6 6. Bc3 Ne4 7. Bg2 cxd4 8. Nxd4 Nxc3 9. Nxc3 Bxc3+ 10. bxc3 a6 11. O-O d6 12. e4 Nd7 13. Qg4 O-O 14. Rab1 Qc7 15. Qe2 Ne5 16. f4 Nxc4 17. Rb4 b5 18. a4 e5 19. axb5 axb5 20. Nxb5 Qc5+ 21. Kh1 Nb6 22. Rfb1 Ba6 23. Qd1 Nc4 24. Bf1 Ne3 25. Qd3 Rab8 26. Qxd6 Qxd6 27. Nxd6 Rxb4 28. cxb4 Bxf1 29. fxe5 Be2 30. Re1 Bf3+ 31. Kg1 Ng4 32. h3 Nxe5 33. Kf2 Nd3+ 0-1


[Site "https://www.chess.com"]

[Event "Titled Tuesday Blitz January 10 Late 2023"]
[White "Nakamura, Hikaru"]
[Black "Barrientos, Sergio E"]
[WhiteFideId "2016192"]
[BlackFideId "4401824"]
[WhiteElo "2775"]
[BlackElo "2479"]
[Result "1-0"]
[Round "02"]
[TimeControl "180+2"]
[Date "2023.01.10"]
[WhiteClock "0:02:33"]
[BlackClock "0:01:26"]

1. Nf3 Nf6 2. b3 d5 3. Bb2 Bf5 4. g3 Nbd7 5. Bg2 e6 6. Nh4 Bg4 7. h3 Bh5 8. g4 Bg6 9. d3 c6 10. e3 a5 11. a3 Qc7 12. Nd2 Be7 13. Qe2 b5 14. O-O a4 15. b4 Rg8 16. c4 h5 17. g5 Nh7 18. Nxg6 fxg6 19. h4 Nhf8 20. cxb5 cxb5 21. Rac1 Qb7 22. e4 Nb6 23. Bd4 Nfd7 24. exd5 e5 25. d6 1-0


[Site "https://www.chess.com"]